 Dungeon Crawl Stone Soup version 0.32-a0-20-ge526923d97 (webtiles) character file.

Game seed: 17256861241077952981

164 IdlyInterested the Shield-Bearer (level 5, -7/46 HPs)
             Began as a Demonspawn Fighter on Jan 17, 2024.
             Killed by divine providence
             ... invoked by an orc priest
              (15 damage)
             ... on level 3 of the Dungeon.
             The game lasted 00:06:58 (3195 turns).

IdlyInterested the Shield-Bearer (DsFi)             Turns: 3195, Time: 00:06:59

Health: -7/46      AC: 10    Str: 16    XL:     5   Next: 21%
Magic:  5/5        EV:  9    Int:  8    God:
Gold:   126        SH:  5    Dex: 15    Spells: 4/4 levels left

rFire   . . .        a - +0 rapier
rCold   . . .        c - +0 buckler
rNeg    . . .        q - +0 chain mail
rPois   .            (no helmet)
rElec   .            d - +0 cloak
rCorr   .            (no gloves)
SInv    .            (no boots)
Will    +....        (no amulet) Stlth
                     (no ring)
HPRegen 0.27/turn    (no ring)
MPRegen 0.09/turn

%: no passive effects
@: brilliant, enlightened, flying
A: hooves 1, repulsion field 1, robust 1, screaming 1
a: no special abilities


You were on level 3 of the Dungeon.
You visited 1 branch of the dungeon, and saw 3 of its levels.

You collected 176 gold pieces.
You spent 50 gold pieces at shops.

Inventory:

Hand Weapons
 a - a +0 rapier (weapon)
Missiles
 f - 26 stones (quivered)
 n - 5 boomerangs
Armour
 c - a +0 buckler (worn)
 d - a +0 cloak (worn)
 q - a +0 chain mail (worn)
Talismans
 m - a flux talisman
Scrolls
 g - a scroll of fear {unknown}
 h - a scroll of fog {unknown}
 i - a scroll of blinking {unknown}
 j - a scroll of poison {unknown}
 k - 2 scrolls of teleportation
 l - a scroll of enchant weapon
 o - a scroll of butterflies {unknown}


   Skills:
 - Level 4.0 Fighting
 - Level 1.7 Short Blades
 - Level 1.0 Throwing
 - Level 2.6 Armour
 - Level 1.0 Dodging
 - Level 1.0 Stealth
 * Level 4.1 Shields
 + Level 0.5 Shapeshifting


You had 4 spell levels left.
You didn't know any spells.
Your spell library was empty.

Dungeon Overview and Level Annotations

Branches:
Dungeon (3/15)

Altars:

Shops:
D:1 *


Innate Abilities, Weirdness & Mutations

You have large cloven feet.
You are surrounded by a mild repulsion field. (EV +2)
You are robust. (+10% HP)
You occasionally shout uncontrollably at your foes.


Message History

The orc is lightly wounded.
The orc hits you but does no damage.
The orc priest mumbles some strange prayers to Beogh against you.
Beogh smites you!
* * * LOW HITPOINT WARNING * * *
It was a potion of heal wounds.
You feel much better. The orc hits you with a +0 dagger.
The orc priest invokes the aid of Beogh against you.
Beogh smites you!
* * * LOW HITPOINT WARNING * * *
You hit the orc.
The orc is moderately wounded.
You block the orc's attack.
You barely miss the orc.
The orc is moderately wounded.
The orc hits you but does no damage. The orc closely misses you.
You hit the orc but do no damage. You kick the orc.
The orc is severely wounded.
The orc priest looks satisfied for a moment.
The orc hits you but does no damage.
You hit the orc but do no damage.
The orc is severely wounded.
The orc hits you but does no damage.
You barely miss the orc. You kick the orc, but do no damage.
The orc is severely wounded.
The orc hits you but does no damage.
You barely miss the orc. You kick the orc, but do no damage.
The orc is severely wounded.
You block the orc's attack.
You completely miss the orc. You kick the orc, but do no damage.
The orc is severely wounded.
The orc hits you but does no damage.
You hit the orc.
You kill the orc!
The orc priest closely misses you.
You hit the orc priest but do no damage.
Your kick misses the orc priest.
The orc priest mumbles some strange prayers to Beogh against you.
Beogh smites you!
You die...

#.......####...##..........
#.......+..##..............
#[...†..##.##.###..........
####...###.##.###.....##### #...#
#.##..##.......### #.†.#
#(###.......##.... #...#
#.##........#####. #...#
#o#...P..P...##### #...#
#@#............... #...#
#...P......P..#### #...#
#.............##.#
##########...###................#
#..................P......P.[##.#
##.#######...................##.#
#.##.##.............P..P.....#.#
#....##.#.......##........##.#.#
####.##.#.......'.......####...#


You could see an orc priest.

Vanquished Creatures
  Crazy Yiuf (D:2)
  An orc wizard (D:2)
  Natasha (D:3)
  2 adders
  4 dart slugs
  A ribbon worm (D:2)
  5 orcs
  2 bats
  5 endoplasms
  2 giant cockroaches
  2 goblins
  5 hobgoblins
  2 jackals (D:2)
  3 kobolds
  3 quokkas
  6 ball pythons
  A frilled lizard (D:1)
  9 rats
55 creatures vanquished.

Notes
Turn   | Place    | Note
-------+----------+-------------------------------------------
     0 | D:1      | IdlyInterested the Demonspawn Fighter began the quest for
                  | the Orb.
     0 | D:1      | Reached XP level 1. HP: 18/18 MP: 1/1
   305 | D:1      | Gained mutation: You have large cloven feet. [demonic
                  | ancestry]
   305 | D:1      | Reached XP level 2. HP: 24/24 MP: 2/2
   417 | D:1      | Found a faded altar of an unknown god.
   440 | D:1      | Reached skill level 1 in Dodging
   477 | D:1      | Found Jovo's Assorted Antiques.
   792 | D:1      | Gained mutation: You are surrounded by a mild repulsion
                  | field. (EV +2) [demonic ancestry]
   792 | D:1      | Reached XP level 3. HP: 26/30 MP: 3/3
   910 | D:1      | Bought a bubbling amethyst potion for 25 gold pieces
  1048 | D:2      | Reached skill level 1 in Stealth
  1075 | D:2      | Reached XP level 4. HP: 33/37 MP: 4/4
  1412 | D:2      | Found a runed translucent door.
  1413 | D:2      | Noticed Crazy Yiuf
  1591 | D:1      | Bought a bubbling amethyst potion for 25 gold pieces
  1613 | D:2      | Gained mutation: Your magical capacity is low. (-10% MP)
                  | [potion of mutation]
  1635 | D:2      | Lost mutation: Your magical capacity is low. (-10% MP)
                  | [potion of mutation]
  1635 | D:2      | Gained mutation: You are robust. (+10% HP) [potion of
                  | mutation]
  1635 | D:2      | Gained mutation: You occasionally shout uncontrollably at
                  | your foes. [potion of mutation]
  2402 | D:2      | Killed Crazy Yiuf
  2403 | D:2      | Reached skill level 1 in Throwing
  2909 | D:3      | Noticed Natasha
  2915 | D:3      | Killed Natasha
  2916 | D:3      | Reached XP level 5. HP: 41/46 MP: 5/5
  3185 | D:3      | HP: 2/46 [orc priest/divine providence (11)]
  3195 | D:3      | Killed from afar by an orc priest

Illustrated notes

Levels and vault maps discovered:
D:1:      scummos_arrival_simple_crosswalls, layout_basic, serial_shops, shop,
          ebering_ecumenical_altar_petrified
D:2:      layout_basic, roderic_serpentine_path, uniq_crazy_yiuf_cottage
D:3:      layout_basic, chequers_serial_rivers_room_a, minmay_misc_feat_plants,
          minmay_misc_feat_more_columns, uniq_natasha

Skill      XL: |  1  2  3  4 |
---------------+-------------+-----
Dodging        | 1 |  1.0
Fighting       | 4 |  4.0
Stealth        | 1 |  1.0
Shields        | 3 4 |  4.1
Throwing       | 1 |  1.0
Short Blades   | |  1.7
Armour         | |  2.6
Shapeshifting  | |  0.5

Action                     |  1- 3 |  4- 6 || total
---------------------------+-------+-------++-------
  Melee: Rapier            |   100 |    91 ||   191
         Kick              |    14 |    29 ||    43
    Use: Scroll            |     1 |     2 ||     3
         Potion            |       |     7 ||     7
 Armour: Scale mail        |    64 |    23 ||    87
         Chain mail        |       |    33 ||    33
  Dodge: Dodged            |    39 |    28 ||    67
  Block: Buckler           |    23 |    28 ||    51

Table legend: (Time is in decaauts)
 A = Elapsed time spent in this place.
 B = Non-inter-level travel time spent in this place.
 C = Inter-level travel time spent in this place.
 D = Time resting spent in this place.
 E = Time spent auto-exploring this place.
 F = Levels seen in this place.
 G = Mean time per level.
                   A        B        C        D        E       F      G
               +--------+--------+--------+--------+--------+-----+--------+
         Total |   3224 |   2919 |    305 |    323 |   2005 |   3 | 1074.7 |
       Dungeon |   3224 |   2919 |    305 |    323 |   2005 |   3 | 1074.7 |
               +--------+--------+--------+--------+--------+-----+--------+

Top non-repeatable levels by time:
     D:2: 1581 daAuts
     D:1: 1037 daAuts
     D:3: 605 daAuts
